 Dungeon Crawl Stone Soup version 0.31-a0-538-gbc85326fa9 (webtiles) character file.

Game seed: 8087206669202058154

90357 FearOfTheDuck the Thaumaturge (level 16, 0/127 HPs)
             Began as a Gnoll Warper on July 30, 2023.
             Was an Elder of Makhleb.
             Slain by an anaconda (9 damage)
             ... on level 1 of the Snake Pit on Aug 13, 2023.
             The game lasted 09:44:43 (34030 turns).

FearOfTheDuck the Thaumaturge (Gnoll Warper)       Turns: 34030, Time: 09:44:44

Health: 0/127      AC: 17    Str: 16    XL:     16   Next: 0%
Magic:  0/31       EV: 13    Int: 17    God:    Makhleb [****..]
Gold:   1865       SH:  0    Dex: 12    Spells: 4/38 levels left

rFire   . . .        a - +1 eveningstar (freeze)
rCold   + . .        (no shield)
rNeg    . . .        w - +3 leather armour of Afago {Int+2}
rPois   +            q - +2 helmet
rElec   .            j - scarf {rC+ rF+}
rCorr   .            L - +1 pair of gloves
SInv    .            T - +0 pair of boots {rampage}
Will    ++...        M - amulet of guardian spirit
Stlth   ++++         p - ring of willpower
HPRegen 0.41/turn    t - ring of poison resistance
MPRegen 0.22/turn

%: guardian spirit, rampage
@: lethally poisoned (0 -> -2), about to teleport, hasted, constricted, very
quick
A: fangs 1, strong nose, distributed training, talons 1, iridescent scales 1,
mutation resistance 1, heat vulnerability 1
a: Renounce Religion, Minor Destruction, Lesser Servant of Makhleb, Major
Destruction


You were on level 1 of the Snake Pit.
You worshipped Makhleb.
Makhleb was greatly pleased with you.
You visited 7 branches of the dungeon, and saw 24 of its levels.
You also visited: Sewer and Ice Cave.

You collected 2241 gold pieces.
You spent 376 gold pieces at shops.

Inventory:

Hand Weapons
 a - a +1 eveningstar of freezing (weapon)
 b - a +3 longbow of freezing
 Q - a +2 great mace of draining
 V - a +4 scimitar of flaming
 X - a +5 sling of flaming
Missiles
 d - 9 darts of dispersal
 e - 3 silver javelins (quivered)
 G - 36 poisoned darts
 O - 15 boomerangs
 Y - 8 javelins
Armour
 j - a scarf of resistance (worn)
 q - a +2 helmet (worn)
 w - the +3 leather armour of Afago (worn) {Int+2}
   (You found it on level 3 of the Dungeon)

   Int+2:     It affects your intelligence (+2).
 L - a +1 pair of gloves (worn)
 T - a +0 pair of boots of rampaging (worn)
Jewellery
 g - a ring of wizardry
 h - a ring of protection from fire
 p - a ring of willpower (left hand)
 s - an amulet of faith
 t - a ring of poison resistance (right hand)
 z - a ring of fire
 D - a +6 ring of dexterity
 F - a ring of ice
 M - an amulet of guardian spirit (around neck)
Talismans
 y - a dragon-blood talisman
Wands
 r - a wand of iceblast (8)
 v - a wand of digging (5)
 I - a wand of polymorph (9)
 J - a wand of flame (11)
 P - a wand of mindburst (9)
 R - a wand of quicksilver (11)
 U - a wand of charming (5)
Scrolls
 f - 4 scrolls of poison
 k - 3 scrolls of fear
 l - 4 scrolls of teleportation
 n - a scroll of immolation
 x - a scroll of silence
 C - a scroll of fog
 E - 3 scrolls of identify
 H - 4 scrolls of vulnerability
 K - 4 scrolls of amnesia
 N - a scroll of blinking
 S - a scroll of revelation
Potions
 m - a potion of haste
 o - a potion of brilliance
 A - 6 potions of mutation
 B - 3 potions of berserk rage
 W - 3 potions of enlightenment
Miscellaneous
 c - a condenser vane
 i - a phial of floods
 u - a box of beasts
 Z - a phantom mirror


   Skills:
 + Level 11.6 Fighting
 + Level 10.7 Short Blades
 + Level 11.6 Long Blades
 + Level 10.7 Axes
 + Level 10.7 Maces & Flails
 + Level 10.7 Polearms
 + Level 10.7 Staves
 + Level 10.7 Ranged Weapons
 + Level 11.0 Throwing
 + Level 11.0 Armour
 + Level 11.6 Dodging
 + Level 10.7 Stealth
 + Level 10.7 Shields
 + Level 10.7 Unarmed Combat
 + Level 11.8 Spellcasting
 + Level 9.0 Conjurations
 + Level 9.0 Hexes
 + Level 9.0 Summonings
 + Level 9.0 Necromancy
 + Level 10.5 Translocations
 + Level 9.0 Transmutations
 + Level 9.0 Fire Magic
 + Level 9.0 Ice Magic
 + Level 9.0 Air Magic
 + Level 9.0 Earth Magic
 + Level 9.0 Poison Magic
 + Level 11.6 Invocations
 + Level 10.7 Evocations
 + Level 9.0 Shapeshifting


You had 4 spell levels left.
You knew the following spells:

 Your Spells              Type           Power      Damage    Failure   Level
a - Blink                 Tloc           92%        N/A       1%          2
b - Teleport Other        Tloc           46%        N/A       1%          3
c - Vhi's Electric Charg  Tloc/Air       86%        N/A       1%          3
d - Momentum Strike       Conj/Tloc      86%        3d10      1%          2
e - Searing Ray           Conj           80%        2d7       1%          2
f - Ensorcelled Hibernat  Hex/Ice        80%        N/A       1%          2
g - Anguish               Hex/Necr       20%        N/A       1%          4
h - Airstrike             Air            20%        2d(3-19)  1%          4
i - Tukima's Dance        Hex            40%        N/A       1%          3
j - Yara's Violent Unrav  Hex/Tmut       20%        3d9       5%          5
k - Iskenderun's Mystic   Conj/Tloc      43%        2d10      1%          4

Your spell library contained the following spells:

 Spells                   Type           Power      Damage    Failure   Level
 Apportation              Tloc           92%        N/A       1%          1
 Magic Dart               Conj           100%       1d8       1%          1
 Shock                    Conj/Air       100%       1d9       1%          1
 Call Imp                 Summ           80%        N/A       1%          2
 Lesser Beckoning         Tloc           92%        N/A       1%          2
 Inner Flame              Hex/Fire       40%        N/A       1%          3
 Mephitic Cloud           Conj/Pois/Air  40%        N/A       1%          3
 Swiftness                Air            40%        N/A       1%          3
 Fulminant Prism          Conj/Hex       20%        3d12      1%          4
 Manifold Assault         Tloc           46%        N/A       1%          4
 Olgreb's Toxic Radiance  Pois           40%        N/A       1%          4
 Passage of Golubria      Tloc           46%        N/A       1%          4
 Arcjolt                  Conj/Air       20%        1d30      5%          5
 Enfeeble                 Hex            20%        N/A       86%         7
 Discord                  Hex            20%        N/A       100%        8
 Ignition                 Fire           20%        3d7       100%        8
 Maxwell's Capacitive Co  Air            20%        ∞         100%        8


Dungeon Overview and Level Annotations

Branches:
Dungeon (13/15)            Temple (1/1) D:7            Lair (5/5) D:10
 Shoals (0/4) Lair:3        Snake (1/4) Lair:3        Slime (1/5) Lair:5
    Orc (2/2) D:11            Elf (1/3) Orc:2        Vaults (0/5) D:13
  Sewer (visited)           IceCv (visited)

Altars:
Ashenzari
Cheibriados
Dithmenos
Elyvilon
Fedhas
Gozag
Hepliaklqana
Kikubaaqudgha
Makhleb
Nemelex Xobeh
Okawaru
Qazlal
Ru
Sif Muna
Trog
Uskayaw
Vehumet
Wu Jian
Xom
Yredelemnul
Zin
The Shining One
Jiyva
Lugonu

Shops:
D:3 :   D:4 !!((   D:5 [![=:   D:9 [   D:12 *   Orc:2 (([*(

Portals:
Abyss: Lair:5

Annotations:
Lair:5 2 dangerous monsters here
Snake:1 Mlioglotl


Innate Abilities, Weirdness & Mutations

You have very sharp teeth.
Your uncanny sense of smell can sniff out nearby items.
Your experience applies equally to all skills.
You have sharp toenails.
You are partially covered in iridescent scales. (AC +2)
You are somewhat resistant to further mutation.
You are vulnerable to heat. (rF-)


Message History

The naga warrior hits you with a +0 long sword!
The anaconda bites you! The black mamba bites you!
The naga mage spits poison at you.
The splash of poison hits you but does no damage.
You are poisoned.
You resist. The naga mage constricts you.
Okay, then.
As you read the scroll of teleportation, it crumbles to dust.
You feel strangely unstable.
You feel sick. The anaconda misses you. x2
The black mamba misses you. The anaconda bites you!
* * * LOW HITPOINT WARNING * * *
The naga mage points at the naga mage and mumbles some strange words.
The naga mage seems to grow toxic.
The naga mage constricts you.
* * * LOW HITPOINT WARNING * * *
The naga warrior hits you with a +0 long sword!
* * * LOW HITPOINT WARNING * * *
The naga mage casts a spell at the black mamba.
The black mamba seems to grow toxic.
The black mamba misses you.
The anaconda bites you but does no damage.
You feel yourself speed up.
You feel sick.
The anaconda bites you but does no damage.
The naga mage hits you but does no damage.
The naga mage constricts you.
* * * LOW HITPOINT WARNING * * *
The anaconda bites you but does no damage.
The black mamba bites you!
* * * LOW HITPOINT WARNING * * *
The naga mage spits poison at you.
The splash of poison hits you but does no damage.
The naga warrior spits poison at you.
The splash of poison hits you but does no damage.
You resist. The naga mage spits poison at you.
The splash of poison hits you but does no damage.
You resist. The naga mage constricts you.
* * * LOW HITPOINT WARNING * * *
The black mamba bites you.
* * * LOW HITPOINT WARNING * * *
The anaconda bites you!
You die... .......# ......+ .....# ∆ #....# #.N..# #....# #NSS#

#@N#
#..N.X#N#
#...S. .#
#..S.. .#
#.#...#
+# ..S#.#
....# ∆
.... ∆


You could see Mlioglotl (strong), a naga warrior, 2 anacondas, a guardian
serpent, 2 black mambas, 2 naga magi and 2 nagas.

Vanquished Creatures
  A frost giant (IceCv)
  A slime creature (D:13)
  A fire dragon (D:13)
  An ettin (Orc:2)
  4 hydras
  2 boulder beetles
  Erica (D:8)
  A two-headed ogre (D:10)
  A centaur warrior (D:13)
  A catoblepas (Lair:1)
  3 thrashing horrors (Lair:5)
  11 death yaks
  4 orc high priests (Orc:2)
  4 skeletal warriors (D:13)
  2 skysharks
  A wizard (D:10)
  2 orc knights
  Pikel (D:6)
  2 deep elf pyromancers
  5 cyclopes
  An oklob plant (Orc:1)
  5 ugly things
  A salamander (Lair:3)
  3 orc sorcerers
  3 manticores
  2 smoke demons (Lair:5)
  12 elephants
  A black mamba (shapeshifter) (Lair:5)
  10 black mambas
  11 cane toads
  2 gargoyles (D:12)
  3 kobold demonologists
  10 komodo dragons
  An efreet (D:13)
  7 rime drakes
  A yaktaur (D:13)
  A tengu conjurer (D:13)
  5 polar bears
  7 trolls
  A raiju (Lair:5)
  15 blink frogs
  2 hornets
  4 dream sheep (Lair:5)
  An air elemental (Orc:2)
  2 spriggans (Lair:5)
  2 shadows
  A vampire (D:13)
  A ynoxinul (Lair:5)
  2 wraiths
  39 yaks
  7 basilisks
  A culicivora (shapeshifter) (Lair:5)
  5 large abominations (D:10)
  2 steam dragons (D:7)
  4 wyverns
  Grum (D:11)
  2 chaos spawn (Lair:5)
  9 vampire mosquitoes
  Edmund (D:5)
  2 nagas (Lair:3)
  A warg (Orc:1)
  Duvessa (D:5)
  13 water moccasins
  An ice beast (D:7)
  2 sky beasts
  3 black bears
  21 orc warriors
  8 ogres
  17 small abominations
  12 wolves
  6 centaurs
  2 phantoms
  Blork the orc (D:4)
  2 kobold brigands
  9 bullfrogs
  3 scorpions
  A gnoll sergeant (D:9)
  A scorpion (shapeshifter) (D:13)
  9 wights (D:9)
  Dowan (D:5)
  9 howler monkeys
  4 electric eels
  3 jellies
  2 hounds (D:6)
  35 orc priests
  An iron imp (D:5)
  2 sleepcaps
  A gnoll bouda (D:10)
  An iguana (D:6)
  Ijyb (D:5)
  19 orc wizards
  A hell rat (Sewer)
  A boggart simulacrum (D:13)
  A mummy (D:8)
  Robin (D:2)
  5 adders
  11 gnolls
  A river rat (Sewer)
  A shadow imp (D:7)
  A white imp (D:6)
  An ufetubus (D:4)
  3 worms
  4 dart slugs
  71 orcs
  4 bats
  9 endoplasms
  2 giant cockroaches
  17 goblins
  7 hobgoblins
  6 jackals
  3 quokkas
  11 ball pythons
  4 frilled lizards
  A goblin skeleton (D:5)
  A goblin zombie (D:8)
  4 hobgoblin zombies (D:5)
  17 kobolds
  3 kobold zombies
  An orc skeleton (D:5)
  2 orc zombies (D:5)
  11 rats
636 creatures vanquished.

Vanquished Creatures (collateral kills)
  A catoblepas (D:13)
  A death knight (D:13)
  Urug (Lair:5)
  4 death yaks
  2 two-headed ogres
  A necromancer (D:13)
  2 ugly things
  An orc sorcerer (Orc:1)
  An ice statue (IceCv)
  2 rime drakes (IceCv)
  A komodo dragon (Lair:2)
  A hornet (D:13)
  A blink frog (Lair:5)
  4 yaks
  3 centaurs (D:13)
  A kobold brigand (D:12)
27 creatures vanquished.

Vanquished Creatures (others)
  A two-headed ogre (D:10)
  An ugly thing (D:13)
  An unseen horror (D:11)
  6 dancing weapons
  A kobold brigand (D:12)
  3 orc priests (Orc:2)
  A gnoll (D:10)
14 creatures vanquished.

Grand Total: 677 creatures vanquished

Notes
Turn   | Place    | Note
-------+----------+-------------------------------------------
     0 | D:1      | FearOfTheDuck the Gnoll Warper began the quest for the Orb.
     0 | D:1      | Reached XP level 1. HP: 20/20 MP: 6/6
   118 | D:1      | Reached XP level 2. HP: 22/26 MP: 7/7
   375 | D:1      | Learned a level 2 spell: Blink
   662 | D:1      | Reached XP level 3. HP: 30/31 MP: 9/9
   757 | D:2      | Reached skill level 5 in Spellcasting
  1134 | D:2      | Reached skill level 1 in Invocations
  1236 | D:2      | Noticed Robin
  1244 | D:2      | Learned a level 3 spell: Teleport Other
  1773 | D:2      | Reached skill level 1 in Short Blades
  1773 | D:2      | Reached skill level 1 in Axes
  1773 | D:2      | Reached skill level 1 in Maces & Flails
  1773 | D:2      | Reached skill level 1 in Polearms
  1773 | D:2      | Reached skill level 1 in Staves
  1773 | D:2      | Reached skill level 1 in Ranged Weapons
  1773 | D:2      | Reached skill level 1 in Stealth
  1773 | D:2      | Reached skill level 1 in Shields
  1773 | D:2      | Reached skill level 1 in Unarmed Combat
  1773 | D:2      | Reached skill level 1 in Evocations
  1906 | D:2      | Learned a level 3 spell: Vhi's Electric Charge
  1952 | D:2      | Reached XP level 4. HP: 38/38 MP: 4/11
  1997 | D:2      | Killed Robin
  2292 | D:3      | Found Doifyept's Book Boutique.
  2401 | D:3      | Reached skill level 1 in Conjurations
  2401 | D:3      | Reached skill level 1 in Hexes
  2401 | D:3      | Reached skill level 1 in Summonings
  2401 | D:3      | Reached skill level 1 in Necromancy
  2401 | D:3      | Reached skill level 1 in Transmutations
  2401 | D:3      | Reached skill level 1 in Fire Magic
  2401 | D:3      | Reached skill level 1 in Ice Magic
  2401 | D:3      | Reached skill level 1 in Air Magic
  2401 | D:3      | Reached skill level 1 in Earth Magic
  2401 | D:3      | Reached skill level 1 in Poison Magic
  2401 | D:3      | Reached skill level 1 in Shapeshifting
  2419 | D:3      | Found a broken altar of Ashenzari.
  2813 | D:3      | Identified the +3 leather armour of Afago {Int+2}
  2825 | D:3      | Upgraded the game from 0.31-a0-426-g3a05650e59 to
                  | 0.31-a0-431-g88bdf31460
  2849 | D:4      | Found Tytox's Weapon Boutique.
  2893 | D:4      | Reached XP level 5. HP: 33/43 MP: 10/12
  2993 | D:4      | Noticed an ogre
  3001 | D:4      | Killed an ogre
  3002 | D:4      | Reached skill level 5 in Fighting
  3002 | D:4      | Reached skill level 5 in Long Blades
  3002 | D:4      | Reached skill level 5 in Dodging
  3002 | D:4      | Reached XP level 6. HP: 48/51 MP: 14/14
  3071 | D:4      | Noticed Blork the orc
  3315 | D:4      | Found Wykaaggo's Distillery.
  3338 | D:4      | Bought a potion of degeneration for 13 gold pieces
  3338 | D:4      | Bought a potion of mutation for 104 gold pieces
  3362 | D:4      | Found a glowing drain.
  3375 | Sewer    | Entered a sewer
  3471 | Sewer    | Reached XP level 7. HP: 49/55 MP: 15/15
  3515 | D:4      | Found Axutuewkeuck's Distillery.
  3524 | D:4      | Bought a potion of berserk rage for 70 gold pieces
  3735 | D:4      | Found Dusmuwn's Weapon Shop.
  3743 | D:4      | Bought 6 poisoned darts for 39 gold pieces
  4038 | D:4      | Killed Blork the orc
  4077 | D:5      | Entered Level 5 of the Dungeon
  4082 | D:5      | Noticed Ijyb
  4093 | D:5      | Killed Ijyb
  4162 | D:5      | Gained mutation: You possess an exceptional clarity of
                  | mind. [potion of mutation]
  4180 | D:5      | Found Ocve On Meo's Jewellery Shoppe.
  4321 | D:5      | Found Ciaciw's Antique Armour Shoppe.
  4331 | D:5      | Learned a level 2 spell: Momentum Strike
  4427 | D:5      | Found a glowing golden altar of the Shining One.
  4552 | D:5      | Found Tesoxoplev's Distillery.
  4611 | D:5      | Noticed Edmund
  4649 | D:5      | Killed Edmund
  4650 | D:5      | Reached XP level 8. HP: 56/63 MP: 14/16
  4710 | D:5      | Noticed Duvessa
  4732 | D:5      | Killed Duvessa
  4736 | D:5      | Noticed Dowan
  4739 | D:5      | Killed Dowan
  4789 | D:5      | Found Yppoeshru's Book Boutique.
  5012 | D:5      | Found Zeppu's Armour Boutique.
  5264 | D:6      | Noticed a kobold demonologist
  5580 | D:6      | Reached XP level 9. HP: 69/69 MP: 18/18
  5583 | D:6      | Learned a level 2 spell: Searing Ray
  5635 | D:6      | Noticed a soul eater
  5744 | D:6      | Killed a kobold demonologist
  5770 | D:6      | Reached skill level 5 in Throwing
  5770 | D:6      | Reached skill level 5 in Armour
  6116 | D:7      | Noticed Pikel
  6129 | D:6      | Killed Pikel
  6130 | D:6      | Reached skill level 5 in Invocations
  6943 | D:7      | Reached XP level 10. HP: 64/77 MP: 16/20
  7002 | D:7      | Reached skill level 5 in Short Blades
  7002 | D:7      | Reached skill level 5 in Axes
  7002 | D:7      | Reached skill level 5 in Maces & Flails
  7002 | D:7      | Reached skill level 5 in Polearms
  7002 | D:7      | Reached skill level 5 in Staves
  7002 | D:7      | Reached skill level 5 in Ranged Weapons
  7002 | D:7      | Reached skill level 5 in Stealth
  7002 | D:7      | Reached skill level 5 in Shields
  7002 | D:7      | Reached skill level 5 in Unarmed Combat
  7002 | D:7      | Reached skill level 5 in Evocations
  7191 | D:7      | Found a staircase to the Ecumenical Temple.
  7244 | Temple   | Entered the Ecumenical Temple
  7265 | Temple   | Became a worshipper of Makhleb the Destroyer
  7669 | D:8      | Noticed Erica
  8429 | D:8      | Learned a level 2 spell: Ensorcelled Hibernation
  8434 | D:8      | Learned a level 4 spell: Anguish
  8743 | D:8      | Killed Erica
  9091 | D:9      | Found a glowing silver altar of Zin.
  9091 | D:9      | Found a hazy altar of Hepliaklqana.
  9500 | D:9      | Reached * piety under Makhleb
 10175 | D:9      | Found Xuymaaleb's Antique Armour Shoppe.
 10466 | D:10     | Entered Level 10 of the Dungeon
 10466 | D:10     | Noticed Maurice
 10468 | D:10     | Maurice changed into Maurice the rime drake
 10468 | D:10     | Noticed Maurice
 10476 | D:10     | Killed Maurice the rime drake
 10477 | D:10     | Reached XP level 11. HP: 84/84 MP: 9/22
 10677 | D:10     | Found a staircase to the Lair.
 10873 | D:10     | Reached ** piety under Makhleb
 11105 | D:10     | Found a radiant altar of Vehumet.
 11105 | D:10     | Noticed a two-headed ogre
 11163 | D:10     | Noticed a two-headed ogre
 11168 | D:10     | Killed a two-headed ogre
 11169 | D:10     | Reached skill level 5 in Conjurations
 11169 | D:10     | Reached skill level 5 in Hexes
 11169 | D:10     | Reached skill level 5 in Summonings
 11169 | D:10     | Reached skill level 5 in Necromancy
 11169 | D:10     | Reached skill level 5 in Transmutations
 11169 | D:10     | Reached skill level 5 in Fire Magic
 11169 | D:10     | Reached skill level 5 in Ice Magic
 11169 | D:10     | Reached skill level 5 in Air Magic
 11169 | D:10     | Reached skill level 5 in Earth Magic
 11169 | D:10     | Reached skill level 5 in Poison Magic
 11169 | D:10     | Reached skill level 5 in Shapeshifting
 11177 | D:10     | Killed a two-headed ogre
 11686 | D:10     | Found a basalt altar of Yredelemnul.
 11716 | D:10     | Found a bloodstained altar of Trog.
 11836 | D:10     | Noticed a wizard
 11839 | D:10     | Killed a wizard
 11857 | D:10     | Noticed a large abomination
 12425 | D:10     | Identified the +2 short sword of Triumph {venom, Int+2
                  | Dex+3}
 12517 | D:10     | Killed a large abomination
 12741 | Lair:1   | Entered Level 1 of the Lair of Beasts
 12758 | Lair:1   | Upgraded the game from 0.31-a0-431-g88bdf31460 to
                  | 0.31-a0-455-g1a7b003ef0
 13558 | Lair:1   | Reached XP level 12. HP: 94/94 MP: 20/24
 13606 | Lair:1   | Noticed a catoblepas
 13624 | Lair:1   | Killed a catoblepas
 13712 | Lair:1   | Learned a level 4 spell: Airstrike
 14185 | Lair:1   | Identified the +3 quarterstaff of Valiance {heavy, rElec
                  | rC++ rCorr Str-3}
 14766 | Lair:2   | Noticed a five-headed hydra
 15093 | Lair:2   | Killed a four-headed hydra
 15234 | Lair:2   | Reached *** piety under Makhleb
 15523 | Lair:2   | Noticed a five-headed hydra
 15623 | Lair:2   | Killed a four-headed hydra
 15742 | Lair:2   | Noticed a skyshark
 15750 | Lair:2   | Killed a skyshark
 16026 | D:10     | Upgraded the game from 0.31-a0-455-g1a7b003ef0 to
                  | 0.31-a0-466-g98c9adc2b6
 16337 | D:11     | Noticed Grum
 16794 | D:11     | Reached XP level 13. HP: 75/101 MP: 4/26
 16860 | D:11     | Found a staircase to the Orcish Mines.
 16864 | D:11     | Killed Grum
 17156 | D:11     | Got the Monograph on Hindering Wanderlust
 17161 | D:11     | Learned a level 3 spell: Tukima's Dance
 17700 | Orc:1    | Entered Level 1 of the Orcish Mines
 18699 | D:12     | Found Sunaihusk's General Store.
 18965 | D:12     | Identified the +6 long sword of the Coward {speed, rC+}
 19227 | D:12     | Reached **** piety under Makhleb
 19433 | D:12     | Reached skill level 10 in Spellcasting
 20785 | Orc:2    | Entered Level 2 of the Orcish Mines
 20788 | Orc:2    | Found Bibi's Weapon Shop.
 21026 | Orc:2    | Reached skill level 10 in Fighting
 21026 | Orc:2    | Reached skill level 10 in Long Blades
 21026 | Orc:2    | Reached skill level 10 in Dodging
 21290 | Orc:2    | Reached ***** piety under Makhleb
 21300 | Orc:2    | Noticed an ettin
 21590 | Orc:2    | Found a staircase to the Elven Halls.
 21593 | Orc:2    | Killed an ettin
 21695 | Orc:2    | Reached XP level 14. HP: 98/110 MP: 11/28
 22141 | Orc:2    | Found Opnaucag's Weapon Emporium.
 22141 | Orc:2    | Found Ifaeq's Antique Weapon Emporium.
 22145 | Orc:2    | Found Nuesuzos's Armour Shoppe.
 22145 | Orc:2    | Found Lobril's Assorted Antiques.
 22181 | Orc:2    | Bought a scroll of blinking for 150 gold pieces
 22361 | Elf:1    | Entered Level 1 of the Elven Halls
 22368 | Elf:1    | Paralysed by an air elemental for 1 turns
 22372 | Elf:1    | Paralysed by an air elemental for 1 turns
 22376 | Orc:2    | Paralysed by an air elemental for 1 turns
 22521 | Orc:2    | Paralysed by an air elemental for 1 turns
 23046 | Lair:3   | Reached skill level 10 in Invocations
 23194 | Lair:3   | Found a staircase to the Snake Pit.
 23332 | Lair:3   | Identified the +9 dagger "Moime" {heavy, +Blink rF- rC+}
 23381 | Lair:3   | Found a staircase to the Shoals.
 23772 | Lair:4   | Found a frozen archway.
 23791 | IceCv    | Entered an ice cave
 24300 | IceCv    | Lost mutation: You possess an exceptional clarity of mind.
                  | [potion of mutation]
 24300 | IceCv    | Gained mutation: You are partially covered in iridescent
                  | scales. (AC +2) [potion of mutation]
 24300 | IceCv    | Gained mutation: You have sharp toenails. [potion of
                  | mutation]
 24300 | IceCv    | Gained mutation: You are vulnerable to heat. (rF-) [potion
                  | of mutation]
 24300 | IceCv    | Gained mutation: You are somewhat resistant to further
                  | mutation. [potion of mutation]
 25025 | IceCv    | Noticed a frost giant
 25072 | IceCv    | Reached skill level 10 in Throwing
 25072 | IceCv    | Reached skill level 10 in Armour
 25072 | IceCv    | Killed a frost giant
 26676 | Lair:5   | Entered Level 5 of the Lair of Beasts
 27064 | Lair:5   | Identified the +3 quarterstaff "Qaijoet" {drain, Drain rC+
                  | Dex+4}
 27107 | Lair:5   | Reached skill level 10 in Translocations
 27156 | Lair:5   | Learned a level 5 spell: Yara's Violent Unravelling
 27161 | Lair:5   | Learned a level 4 spell: Iskenderun's Mystic Blast
 27256 | Lair:5   | Reached XP level 15. HP: 71/117 MP: 5/30
 27291 | Lair:5   | Reached skill level 10 in Short Blades
 27291 | Lair:5   | Reached skill level 10 in Axes
 27291 | Lair:5   | Reached skill level 10 in Maces & Flails
 27291 | Lair:5   | Reached skill level 10 in Polearms
 27291 | Lair:5   | Reached skill level 10 in Staves
 27291 | Lair:5   | Reached skill level 10 in Ranged Weapons
 27291 | Lair:5   | Reached skill level 10 in Stealth
 27291 | Lair:5   | Reached skill level 10 in Shields
 27291 | Lair:5   | Reached skill level 10 in Unarmed Combat
 27291 | Lair:5   | Reached skill level 10 in Evocations
 28313 | Lair:5   | Found a corrupted altar of Lugonu.
 28313 | Lair:5   | Found a one-way gate to the infinite horrors of the Abyss.
 28527 | Lair:5   | Identified the staff of the Bear {rF+ Str+4 Fire}
 28722 | Lair:5   | Identified the +2 quarterstaff "Laitiorch" {chaos, rC-
                  | Will+ Str-5 Dex+6}
 28753 | Lair:5   | Noticed Urug
 28761 | Lair:5   | Killed Urug
 28905 | Lair:5   | Found a viscous altar of Jiyva.
 28905 | Lair:5   | Found a staircase to the Slime Pits.
 28913 | Slime:1  | Entered Level 1 of the Pits of Slime
 28913 | Slime:1  | Noticed an azure jelly
 28913 | Slime:1  | Noticed an acid blob
 28935 | Lair:5   | HP: 5/119 [acid blob/splash of acid (5)]
 29604 | Lair:5   | Noticed a balrug
 29905 | D:10     | Upgraded the game from 0.31-a0-466-g98c9adc2b6 to
                  | 0.31-a0-473-g61b50ae490
 30959 | D:13     | Found a gate to the Vaults.
 31862 | D:13     | Identified the +10 long sword "Adear" {venom, rN+ Will-
                  | Str+3}
 33751 | D:13     | Upgraded the game from 0.31-a0-473-g61b50ae490 to
                  | 0.31-a0-538-gbc85326fa9
 33903 | Snake:1  | Entered Level 1 of the Snake Pit
 33921 | Lair:3   | Reached XP level 16. HP: 124/127 MP: 10/31
 34024 | Snake:1  | Noticed Mlioglotl
 34030 | Snake:1  | Slain by an anaconda

Illustrated notes

Levels and vault maps discovered:
D:1:      kennysheep_arrival_forest, layout_rooms, minivault_27, nicolae_titane
D:2:      layout_loops_corners, minmay_puff, uniq_robin
D:3:      layout_basic, lemuel_tele_altar, serial_shops, shop
D:4:      layout_loops_ring, serial_shops, nicolae_shop_industrial_runoff,
          nicolae_shop_tiny_waterfront, nicolae_shop_bloodbath_and_beyond, shop,
          portal_sewer_entry_a, uniq_blork_the_orc
D:5:      lemuel_ice_spiral_2, layout_basic, nicolae_tso_besieged_by_evil,
          serial_shops, shop, shop, nicolae_shop_window_shopping,
          nicolae_shop_hallway_plus, nicolae_shop_rolling_square, uniq_duvessa,
          uniq_edmund, uniq_ijyb
D:6:      layout_rooms
D:7:      layout_gridville, temple_doors_e, uniq_pikel
D:8:      layout_basic, nicolae_ossuary_entry_giza, uniq_erica
D:9:      layout_stronghold, chequers_temple_overflow_statue_of_worship,
          serial_shops, shop
D:10:     layout_basic, vehumet_crystals, mainiacjoe_overflow_two_lobes,
          lair_entry_dummy, laboratory, uniq_maurice
D:11:     layout_basic, orc_0_dummy, uniq_grum
D:12:     minmay_octagon_keep, layout_grid_maze, serial_shops, shop
D:13:     layout_loops_corners, david_vaults_1, minmay_the_grid_2x2
          [minmay_the_grid_dragon_a, minmay_the_grid_minigrid_small_alt,
          minmay_the_grid_plusring,
          minmay_the_grid_prize_four_corners_diamond_a]
Temple:   hellmonk_temple_of_storms
Lair:1:   layout_long_grid, infiniplex_staircase_pool, lemuel_fruit_tree
Lair:2:   layout_long_grid, beast_lair_carwin_4
Lair:3:   layout_chaotic_city, shoals_dummy_entry, alex1729_snake_entry_snake
Lair:4:   layout_hall_layers, portal_ice_cave_entry_pillars_1
Lair:5:   hellmonk_lair_end_abyssal_woods, layout_long_grid,
          dpeg_slime_entry_enclosed, uniq_urug
Snake:1:  nicolae_snakescales, layout_gridlike, drop_trap, uniq_jorgrun,
          uniq_aizul, uniq_mlioglotl
Slime:1:  layout_caves
Orc:1:    layout_caves, nicolae_volcano_entry_two_sided, mines3_lemuel
Orc:2:    st_orc_mages, layout_caves, serial_shops, shop
Elf:1:    minmay_elf_arrival_plus, layout_loops_corners,
          serial_hangedman_research, hangedman_research_toxicology,
          hangedman_research_geology, hangedman_research_thermodynamics,
          hangedman_research_electronics, hangedman_research_convocations,
          hangedman_research_quantum, kennysheep_underground_church,
          nicolae_shop_firing_range

Skill      XL: |  1  2  3  4  5  6  7  8  9 10 11 12 13 14 15 |
---------------+----------------------------------------------+-----
Spellcasting   | 5 6 7 8 9 10 11 | 11.8
Invocations    | 1 2 3 4 5 6 7 8 9 10 11 | 11.6
Short Blades   | 1 2 3 4 5 6 8 9 10 | 10.7
Axes           | 1 2 3 4 5 6 8 9 10 | 10.7
Maces & Flails | 1 2 3 4 5 6 8 9 10 | 10.7
Polearms       | 1 2 3 4 5 6 8 9 10 | 10.7
Staves         | 1 2 3 4 5 6 8 9 10 | 10.7
Ranged Weapons | 1 2 3 4 5 6 8 9 10 | 10.7
Stealth        | 1 2 3 4 5 6 8 9 10 | 10.7
Shields        | 1 2 3 4 5 6 8 9 10 | 10.7
Unarmed Combat | 1 2 3 4 5 6 8 9 10 | 10.7
Evocations     | 1 2 3 4 5 6 8 9 10 | 10.7
Conjurations   | 1 2 3 4 5 6 7 8 9 |  9.0
Hexes          | 1 2 3 4 5 6 7 8 9 |  9.0
Summonings     | 1 2 3 4 5 6 7 8 9 |  9.0
Necromancy     | 1 2 3 4 5 6 7 8 9 |  9.0
Transmutations | 1 2 3 4 5 6 7 8 9 |  9.0
Fire Magic     | 1 2 3 4 5 6 7 8 9 |  9.0
Ice Magic      | 1 2 3 4 5 6 7 8 9 |  9.0
Air Magic      | 1 2 3 4 5 6 7 8 9 |  9.0
Earth Magic    | 1 2 3 4 5 6 7 8 9 |  9.0
Poison Magic   | 1 2 3 4 5 6 7 8 9 |  9.0
Shapeshifting  | 1 2 3 4 5 6 7 8 9 |  9.0
Throwing       | 3 4 5 6 7 8 9 10 11 | 11.0
Armour         | 3 4 5 6 7 8 9 10 11 | 11.0
Fighting       | 5 6 7 8 9 10 11 | 11.6
Long Blades    | 5 6 7 8 9 10 11 | 11.6
Dodging        | 5 6 7 8 9 10 11 | 11.6
Translocations | 6 7 8 9 10 | 10.5

Action                     |  1- 3 |  4- 6 |  7- 9 | 10-12 | 13-15 | 16-18 || total
---------------------------+-------+-------+-------+-------+-------+-------++-------
  Melee: Falchion          |   155 |     9 |       |       |       |       ||   164
         Bite              |    16 |     6 |    16 |    58 |   179 |       ||   275
         Spear             |       |    79 |   189 |    83 |       |       ||   351
         Punch             |       |     4 |     6 |     2 |    23 |       ||    35
         Scimitar          |       |       |       |   335 |   698 |       ||  1033
         Shortbow          |       |       |       |     1 |       |       ||     1
         Long sword        |       |       |       |       |    77 |       ||    77
         Eveningstar       |       |       |       |       |   196 |     2 ||   198
         Quarterstaff      |       |       |       |       |   127 |       ||   127
         Great mace        |       |       |       |       |    22 |       ||    22
         Longbow           |       |       |       |       |     1 |       ||     1
   Fire: Sling             |       |    38 |    24 |    10 |     6 |       ||    78
         Shortbow          |       |       |       |    57 |       |       ||    57
         Longbow           |       |       |       |       |   156 |     1 ||   157
  Throw: Stone             |    30 |    16 |       |     3 |     1 |       ||    50
         Dart              |     1 |     3 |    19 |    19 |   112 |       ||   154
         Boomerang         |       |     7 |    72 |    51 |    27 |       ||   157
         Javelin           |       |       |       |     9 |    13 |       ||    22
         Throwing net      |       |       |       |       |     2 |       ||     2
   Cast: Vhi's Electric Ch |     1 |     4 |     9 |    26 |    68 |       ||   108
         Blink             |     1 |     2 |     6 |    13 |    37 |       ||    59
         Teleport Other    |       |     1 |     1 |     3 |     2 |       ||     7
         Momentum Strike   |       |       |    13 |    18 |    15 |       ||    46
         Searing Ray       |       |       |     2 |    11 |    14 |       ||    27
         Ensorcelled Hiber |       |       |       |    33 |    15 |       ||    48
         Anguish           |       |       |       |    15 |    15 |       ||    30
         Airstrike         |       |       |       |    52 |    56 |       ||   108
         Tukima's Dance    |       |       |       |       |    26 |       ||    26
         Iskenderun's Myst |       |       |       |       |    17 |       ||    17
         Yara's Violent Un |       |       |       |       |     7 |     1 ||     8
 Invoke: Minor Destruction |       |       |       |    38 |    49 |       ||    87
         Lesser Servant of |       |       |       |     1 |    27 |       ||    28
         Major Destruction |       |       |       |       |    33 |       ||    33
         Greater Servant o |       |       |       |       |     3 |       ||     3
  Evoke: Wand              |       |       |    11 |    13 |    15 |       ||    39
         Condenser vane    |       |       |       |       |     1 |       ||     1
         Phantom mirror    |       |       |       |       |     1 |       ||     1
    Use: Scroll            |     4 |     2 |     5 |    12 |    18 |     1 ||    42
         Potion            |     1 |     1 |     4 |     4 |    17 |     1 ||    28
   Stab: Sleeping          |     1 |     1 |       |     8 |     3 |       ||    13
         Distracted        |       |       |       |     1 |     6 |       ||     7
         Held in net/web   |       |       |       |       |     1 |       ||     1
         Paralysed         |       |       |       |       |     3 |       ||     3
 Armour: Leather armour    |    25 |    11 |    55 |   120 |   367 |    12 ||   590
         Skin              |    18 |     5 |    16 |       |       |       ||    39
  Dodge: Dodged            |    83 |    52 |   153 |   253 |   692 |    22 ||  1255
  Block: Buckler           |       |       |       |   152 |   232 |       ||   384

Table legend: (Time is in decaauts)
 A = Elapsed time spent in this place.
 B = Non-inter-level travel time spent in this place.
 C = Inter-level travel time spent in this place.
 D = Time resting spent in this place.
 E = Time spent auto-exploring this place.
 F = Levels seen in this place.
 G = Mean time per level.
                   A        B        C        D        E       F      G
               +--------+--------+--------+--------+--------+-----+--------+
         Total |  34141 |  25065 |   9076 |  10271 |   5158 |  26 | 1313.1 |
       Dungeon |  20338 |  13966 |   6372 |   5669 |   3352 |  13 | 1564.5 |
        Temple |     39 |      3 |     36 |      0 |      0 |   1 |   39.0 |
          Lair |   9114 |   7171 |   1943 |   3052 |   1297 |   5 | 1822.8 |
     Snake Pit |     23 |     23 |      0 |      0 |      0 |   1 |   23.0 |
    Slime Pits |      5 |      5 |      0 |      0 |      0 |   1 |    5.0 |
  Orcish Mines |   2938 |   2213 |    725 |    914 |    506 |   2 | 1469.0 |
   Elven Halls |     12 |     12 |      0 |      0 |      0 |   1 |   12.0 |
         Sewer |    134 |    134 |      0 |     31 |      0 |   1 |  134.0 |
      Ice Cave |   1534 |   1534 |      0 |    604 |      3 |   1 | 1534.0 |
               +--------+--------+--------+--------+--------+-----+--------+

Top non-repeatable levels by time:
    D:13: 3507 daAuts
  Lair:5: 2921 daAuts
    D:10: 2552 daAuts
    D:12: 1847 daAuts
  Lair:1: 1785 daAuts
    D:11: 1763 daAuts
  Lair:4: 1665 daAuts
  Lair:2: 1601 daAuts
     D:9: 1536 daAuts
   IceCv: 1534 daAuts
   Orc:2: 1498 daAuts
   Orc:1: 1440 daAuts
     D:2: 1419 daAuts
     D:8: 1369 daAuts
     D:5: 1354 daAuts
